| TOP OF THE 1ST |
|
El Paso Chihuahuas batting - Pitching for Lehigh Valley IronPigs : RHP Nick Turner
|
|
Pitching: RHP Nick Turner
|
|
|
Batting: RHB Rudolf Gommers
|
0-0: Swinging Strike 0-1: Called Strike 0-2: Strikes out swinging
|
|
Batting: SHB Steve Killion
|
0-0: Ball 1-0: Ball 2-0: Ball 3-0: Base on Balls
|
|
Batting: RHB Jose Morrissey
|
0-0: Called Strike 0-1: Ball 1-1: Ball 2-1: Ball 3-1: Foul Ball, location: 2F 3-2: Base on Balls Steve Killion to second
|
|
Batting: SHB Devin Hottenstein
|
0-0: Ball 1-0: Called Strike 1-1: Swinging Strike 1-2: 3-RUN HOME RUN (Flyball, 7D, EV 102.5 MPH), Distance : 398 ft
|
|
Batting: RHB Matthew Starr
|
0-0: Ball 1-0: Foul Ball, location: 2F 1-1: Ball 2-1: Called Strike 2-2: Ground out 4-3 (Groundball, 4M, EV 83.8 MPH)
|
|
Batting: SHB Gregg Whitecotton
|
0-0: Ball 1-0: Foul Ball, location: 2F 1-1: Ball 2-1: Foul Ball, location: 2F 2-2: Ball 3-2: Foul Ball, location: 2F 3-2: Foul Ball, location: 2F 3-2: Strikes out looking
|
| Top of the 1st over - 3 runs, 1 hit, 0 errors, 0 left on base; El Paso 3 - Lehigh Valley 0 |
| BOTTOM OF THE 1ST |
|
Lehigh Valley IronPigs batting - Pitching for El Paso Chihuahuas : LHP Yuri Thra
|
|
Pitching: LHP Yuri Thra
|
|
|
Batting: LHB Chad Persaud
|
0-0: Ball 1-0: Ground out 6-3 (Groundball, 6S, EV 82.5 MPH)
|
|
Batting: RHB Matt Sanders
|
0-0: Ball 1-0: Foul Ball, location: 2F 1-1: Swinging Strike 1-2: SINGLE (Groundball, 6M, EV 103.8 MPH) (infield hit)
|
|
Batting: SHB Lance Franklin
|
0-0: Ball 1-0: Fielders Choice at 2nd, 5-4 (Groundball, 56S, EV 86.3 MPH)
|
|
Batting: RHB Julian Nijhuis
|
0-0: Ball 1-0: Called Strike 1-1: Foul Ball, location: 2F 1-2: Foul Ball, location: 2F 1-2: Ball 2-2: Ball 3-2: Fly out, F9 (Line Drive, 9, EV 87.5 MPH)
|
| Bottom of the 1st over - 0 runs, 1 hit, 0 errors, 1 left on base; El Paso 3 - Lehigh Valley 0 |
| TOP OF THE 2ND |
|
El Paso Chihuahuas batting - Pitching for Lehigh Valley IronPigs : RHP Nick Turner
|
|
Batting: LHB Luis Cruz
|
0-0: Foul Ball, location: 2F 0-1: Ground out 5-3 (Groundball, 56S, EV 67.5 MPH)
|
|
Batting: SHB Chris Haugen
|
0-0: Ball 1-0: Swinging Strike 1-1: Foul Ball, location: 2F 1-2: Ground out 5-3 (Groundball, 56, EV 98.8 MPH)
|
|
Batting: LHB Helmut Steggall
|
0-0: Called Strike 0-1: Ball 1-1: Called Strike 1-2: Ball 2-2: Ball 3-2: Base on Balls
|
|
Batting: RHB Rudolf Gommers
|
0-0: Ball 1-0: Ball 2-0: Ball 3-0: Called Strike 3-1: Base on Balls Helmut Steggall to second
|
|
Batting: SHB Steve Killion
|
0-0: Called Strike 0-1: Ball 1-1: Swinging Strike 1-2: Strikes out swinging
|
| Top of the 2nd over - 0 runs, 0 hits, 0 errors, 2 left on base; El Paso 3 - Lehigh Valley 0 |
| BOTTOM OF THE 2ND |
|
Lehigh Valley IronPigs batting - Pitching for El Paso Chihuahuas : LHP Yuri Thra
|
|
Batting: RHB Young-tae Yoo
|
0-0: Ball 1-0: Foul Ball, location: 2F 1-1: Ball 2-1: Ground out 5-3 (Groundball, 5D, EV 86.3 MPH)
|
|
Batting: RHB Dan Grable
|
0-0: Foul Ball, location: 2F 0-1: Foul Ball, location: 2F 0-2: Ball 1-2: Fly out, F8 (Line Drive, 8LM, EV 110.6 MPH)
|
|
Batting: RHB Josh Hensley
|
0-0: Called Strike 0-1: Ground out 6-3 (Groundball, 6, EV 101.9 MPH)
|
| Bottom of the 2nd over - 0 runs, 0 hits, 0 errors, 0 left on base; El Paso 3 - Lehigh Valley 0 |
| TOP OF THE 3RD |
|
El Paso Chihuahuas batting - Pitching for Lehigh Valley IronPigs : RHP Nick Turner
|
|
Batting: RHB Jose Morrissey
|
0-0: SINGLE (Groundball, 56D, EV 106.3 MPH)
|
|
Batting: SHB Devin Hottenstein
|
0-0: Ball 1-0: Ball 2-0: Ball Jose Morrissey steals 2nd base 3-0: Base on Balls
|
|
Batting: RHB Matthew Starr
|
0-0: Ball 1-0: DOUBLE (Line Drive, 78XD, EV 110.6 MPH) Jose Morrissey scores Devin Hottenstein to third
|
|
Batting: SHB Gregg Whitecotton
|
0-0: Ball 1-0: Swinging Strike 1-1: Ball 2-1: Foul Ball, location: 2F 2-2: Strikes out looking
|
|
Batting: LHB Luis Cruz
|
0-0: Foul Ball, location: 2F 0-1: Ball 1-1: Foul Ball, location: 2F 1-2: Ball 2-2: Strikes out swinging
|
|
Batting: SHB Chris Haugen
|
0-0: SINGLE (Groundball, 6M, EV 104.4 MPH) Devin Hottenstein scores Matthew Starr to third Runner from 3rd tries for Home, SAFE, throw by CF to home
|
|
Pitching: RHP John Capparelli
|
|
|
Batting: LHB Helmut Steggall
|
0-0: Ball 1-0: Ball 2-0: Ball Wild Pitch! Chris Haugen to second 3-0: Called Strike 3-1: Fly out, F4 (Flyball, 34D, EV 92.5 MPH)
|
| Top of the 3rd over - 3 runs, 3 hits, 0 errors, 1 left on base; El Paso 6 - Lehigh Valley 0 |
| BOTTOM OF THE 3RD |
|
Lehigh Valley IronPigs batting - Pitching for El Paso Chihuahuas : LHP Yuri Thra
|
|
Batting: RHB Chris Pounds
|
0-0: Ball 1-0: Ball 2-0: Ball 3-0: Called Strike 3-1: Foul Ball, location: 2F 3-2: Base on Balls
|
|
Batting: LHB Osamu Kubo
|
0-0: Called Strike 0-1: Ball 1-1: Ball 2-1: SINGLE (Groundball, P, EV 85.6 MPH) (infield hit) Chris Pounds to second
|
|
Batting: LHB Chad Persaud
|
0-0: Called Strike 0-1: Foul Ball, location: 2F 0-2: Strikes out swinging
|
|
Batting: RHB Matt Sanders
|
0-0: Ball 1-0: Ball 2-0: Ball 3-0: Called Strike 3-1: Base on Balls Chris Pounds to third Osamu Kubo to second
|
|
Batting: SHB Lance Franklin
|
0-0: Ball 1-0: Called Strike 1-1: Ball 2-1: Ball 3-1: Base on Balls Chris Pounds scores Osamu Kubo to third Matt Sanders to second
|
|
Batting: RHB Julian Nijhuis
|
0-0: DOUBLE (Line Drive, 89D, EV 105.6 MPH) Osamu Kubo scores Matt Sanders scores Lance Franklin to third Runner from 3rd tries for Home, SAFE, throw by RF to home
|
|
Batting: RHB Young-tae Yoo
|
0-0: Ball 1-0: Called Strike 1-1: Ball 2-1: Ball 3-1: Base on Balls
|
|
Batting: RHB Dan Grable
|
0-0: Ball 1-0: Grounds into double play, 4-6-3 (Groundball, 4MD, EV 85.0 MPH)
|
| Bottom of the 3rd over - 4 runs, 2 hits, 0 errors, 1 left on base; El Paso 6 - Lehigh Valley 4 |
| TOP OF THE 4TH |
|
El Paso Chihuahuas batting - Pitching for Lehigh Valley IronPigs : RHP John Capparelli
|
|
Batting: RHB Rudolf Gommers
|
0-0: Ball 1-0: Ball 2-0: Called Strike 2-1: Foul Ball, location: 2F 2-2: Ball 3-2: Ground out 6-3 (Groundball, 6, EV 88.1 MPH)
|
|
Batting: SHB Steve Killion
|
0-0: Ball 1-0: Bunted foul 1-1: DOUBLE (Line Drive, 89D, EV 107.5 MPH)
|
|
Batting: RHB Jose Morrissey
|
0-0: Fly out, F4 (Line Drive, 4, EV 65.0 MPH)
|
|
Batting: SHB Devin Hottenstein
|
0-0: Ground out 1-3 (Groundball, 13S, EV 67.5 MPH)
|
| Top of the 4th over - 0 runs, 1 hit, 0 errors, 1 left on base; El Paso 6 - Lehigh Valley 4 |
| BOTTOM OF THE 4TH |
|
Lehigh Valley IronPigs batting - Pitching for El Paso Chihuahuas : LHP Yuri Thra
|
|
Batting: RHB Josh Hensley
|
0-0: Foul Ball, location: 2F 0-1: Swinging Strike 0-2: Ball 1-2: Ball 2-2: Ball 3-2: Base on Balls
|
|
Batting: RHB Chris Pounds
|
0-0: Fly out, F8 (Flyball, 8LD, EV 88.8 MPH)
|
|
Batting: LHB Osamu Kubo
|
0-0: Ball 1-0: Called Strike 1-1: Ball 2-1: Ball 3-1: Grounds into double play, 1-4-3 (Groundball, 15S, EV 66.9 MPH)
|
| Bottom of the 4th over - 0 runs, 0 hits, 0 errors, 0 left on base; El Paso 6 - Lehigh Valley 4 |
| TOP OF THE 5TH |
|
El Paso Chihuahuas batting - Pitching for Lehigh Valley IronPigs : RHP John Capparelli
|
|
Batting: RHB Matthew Starr
|
0-0: Called Strike 0-1: Ball 1-1: Swinging Strike 1-2: Strikes out looking
|
|
Batting: SHB Gregg Whitecotton
|
0-0: Ball 1-0: Swinging Strike 1-1: Swinging Strike 1-2: Ball 2-2: Ground out 6-3 (Groundball, 6, EV 77.5 MPH)
|
|
Batting: LHB Luis Cruz
|
0-0: Foul Ball, location: 2F 0-1: Ball 1-1: SINGLE (Groundball, 6, EV 101.3 MPH)
|
|
Batting: SHB Chris Haugen
|
0-0: Ball 1-0: SINGLE (Groundball, 4MD, EV 100.0 MPH) Luis Cruz to second
|
|
Batting: LHB Helmut Steggall
|
0-0: Ball 1-0: Called Strike 1-1: Ball 2-1: Foul Ball, location: 2F 2-2: Strikes out swinging
|
| Top of the 5th over - 0 runs, 2 hits, 0 errors, 2 left on base; El Paso 6 - Lehigh Valley 4 |
| BOTTOM OF THE 5TH |
|
Lehigh Valley IronPigs batting - Pitching for El Paso Chihuahuas : LHP Yuri Thra
|
|
Batting: LHB Chad Persaud
|
0-0: Ball 1-0: Called Strike 1-1: Foul Ball, location: 2F 1-2: Ball 2-2: Foul Ball, location: 2F 2-2: Foul Ball, location: 2F 2-2: SOLO HOME RUN (Line Drive, 9LD, EV 91.9 MPH), Distance : 356 ft
|
|
Pitching: RHP Warren Swan
|
|
|
Batting: RHB Matt Sanders
|
0-0: Called Strike 0-1: Swinging Strike 0-2: Foul Ball, location: 2F 0-2: Strikes out swinging
|
|
Batting: SHB Lance Franklin
|
0-0: Ball 1-0: Ball 2-0: Foul Ball, location: 2F 2-1: Foul Ball, location: 2F 2-2: Foul Ball, location: 2F 2-2: Ball 3-2: Fly out, F9 (Flyball, 9S, EV 95.6 MPH)
|
|
Batting: RHB Julian Nijhuis
|
0-0: Called Strike 0-1: Ball 1-1: Called Strike 1-2: Foul Ball, location: 2F 1-2: Foul Ball, location: 2F 1-2: Fly out, F3 (Line Drive, 3, EV 73.8 MPH)
|
| Bottom of the 5th over - 1 run, 1 hit, 0 errors, 0 left on base; El Paso 6 - Lehigh Valley 5 |
| TOP OF THE 6TH |
|
El Paso Chihuahuas batting - Pitching for Lehigh Valley IronPigs : RHP John Capparelli
|
|
Batting: RHB Rudolf Gommers
|
0-0: Ball 1-0: Foul Ball, location: 2F 1-1: Swinging Strike 1-2: Ball 2-2: Strikes out looking
|
|
Batting: SHB Steve Killion
|
0-0: Called Strike 0-1: Ball 1-1: SINGLE (Groundball, 34D, EV 108.1 MPH)
|
|
Batting: RHB Jose Morrissey
|
0-0: Called Strike Steve Killion steals 2nd base 0-1: Ball 1-1: Ball 2-1: Fly out, F5 (Line Drive, 5, EV 66.3 MPH)
|
|
Pitching: RHP Luis Castillo
|
|
|
Batting: SHB Devin Hottenstein
|
0-0: Foul Ball, location: 2F 0-1: SINGLE (Groundball, 34D, EV 100.0 MPH) Steve Killion to third Runner from 3rd tries for Home, SAFE, throw by RF to home
|
|
Batting: RHB Matthew Starr
|
0-0: Ball 1-0: Foul Ball, location: 2F 1-1: Foul Ball, location: 2F 1-2: Fly out, F3 (Line Drive, 3, EV 66.9 MPH)
|
| Top of the 6th over - 1 run, 2 hits, 0 errors, 1 left on base; El Paso 7 - Lehigh Valley 5 |
| BOTTOM OF THE 6TH |
|
Lehigh Valley IronPigs batting - Pitching for El Paso Chihuahuas : RHP Warren Swan
|
|
Batting: RHB Young-tae Yoo
|
0-0: Called Strike 0-1: Called Strike 0-2: Ball 1-2: Strikes out looking
|
|
Batting: RHB Dan Grable
|
0-0: Fly out, F4 (Line Drive, 4, EV 61.3 MPH)
|
|
Batting: RHB Josh Hensley
|
0-0: Called Strike 0-1: Foul Ball, location: 2F 0-2: Ball 1-2: Ball 2-2: SINGLE (Line Drive, 9S, EV 100.6 MPH)
|
|
Pitching: RHP Steve Dripps
|
|
|
Batting: RHB Chris Pounds
|
0-0: Foul Ball, location: 2F 0-1: Ball 1-1: Swinging Strike 1-2: Ball 2-2: Ground out 5-3 (Groundball, 56S, EV 56.9 MPH)
|
| Bottom of the 6th over - 0 runs, 1 hit, 0 errors, 1 left on base; El Paso 7 - Lehigh Valley 5 |
| TOP OF THE 7TH |
|
El Paso Chihuahuas batting - Pitching for Lehigh Valley IronPigs : RHP Luis Castillo
|
|
Batting: SHB Gregg Whitecotton
|
0-0: Ball 1-0: Called Strike 1-1: Ground out 4-3 (Groundball, 4, EV 82.5 MPH)
|
|
Batting: LHB Luis Cruz
|
0-0: Foul Ball, location: 2F 0-1: Ball 1-1: Ball 2-1: Foul Ball, location: 2F 2-2: Foul Ball, location: 2F 2-2: Strikes out looking
|
|
Batting: SHB Chris Haugen
|
0-0: Foul Ball, location: 2F 0-1: Foul Ball, location: 2F 0-2: Strikes out swinging
|
| Top of the 7th over - 0 runs, 0 hits, 0 errors, 0 left on base; El Paso 7 - Lehigh Valley 5 |
| BOTTOM OF THE 7TH |
|
Lehigh Valley IronPigs batting - Pitching for El Paso Chihuahuas : RHP Steve Dripps
|
|
Batting: LHB Osamu Kubo
|
0-0: Ball 1-0: Foul Ball, location: 2F 1-1: Fly out, F6 (Flyball, 56D, EV 88.8 MPH)
|
|
Batting: LHB Chad Persaud
|
0-0: Called Strike 0-1: Ball 1-1: Foul Ball, location: 2F 1-2: Ball 2-2: Foul Ball, location: 2F 2-2: SINGLE (Flyball, 89S, EV 93.8 MPH)
|
|
Batting: RHB Matt Sanders
|
0-0: Called Strike 0-1: Called Strike 0-2: Ball 1-2: Ball 2-2: Ball 3-2: Fly out, F7 (Flyball, 7S, EV 89.4 MPH)
|
|
Batting: SHB Lance Franklin
|
0-0: Ball 1-0: Ball 2-0: Foul Ball, location: 2F 2-1: Foul Ball, location: 2F 2-2: Strikes out swinging
|
| Bottom of the 7th over - 0 runs, 1 hit, 0 errors, 1 left on base; El Paso 7 - Lehigh Valley 5 |
| TOP OF THE 8TH |
|
El Paso Chihuahuas batting - Pitching for Lehigh Valley IronPigs : RHP Luis Castillo
|
|
Batting: LHB Helmut Steggall
|
0-0: Called Strike 0-1: Swinging Strike 0-2: Ball 1-2: Strikes out looking
|
|
Batting: RHB Rudolf Gommers
|
0-0: Called Strike 0-1: Foul Ball, location: 2F 0-2: Ball 1-2: Foul Ball, location: 2F 1-2: Foul Ball, location: 2F 1-2: Ball 2-2: Ground out 6-3 (Groundball, 6MS, EV 92.5 MPH)
|
|
Batting: SHB Steve Killion
|
0-0: Ball 1-0: Foul Ball, location: 2F 1-1: Ground out 4-3 (Groundball, 4, EV 81.3 MPH)
|
| Top of the 8th over - 0 runs, 0 hits, 0 errors, 0 left on base; El Paso 7 - Lehigh Valley 5 |
| BOTTOM OF THE 8TH |
|
Lehigh Valley IronPigs batting - Pitching for El Paso Chihuahuas : RHP Steve Dripps
|
|
Pitching: RHP David Tooley
|
|
|
Batting: RHB Julian Nijhuis
|
0-0: Called Strike 0-1: Ball 1-1: Ball 2-1: Ball 3-1: Swinging Strike 3-2: Foul Ball, location: 2F 3-2: Foul Ball, location: 2F 3-2: Strikes out looking
|
|
Batting: RHB Young-tae Yoo
|
0-0: Foul Ball, location: 2F 0-1: Swinging Strike 0-2: Fly out, F9 (Flyball, 9D, EV 92.5 MPH)
|
|
Batting: RHB Dan Grable
|
0-0: Ball 1-0: Ground out 1-3 (Groundball, 13, EV 66.9 MPH)
|
| Bottom of the 8th over - 0 runs, 0 hits, 0 errors, 0 left on base; El Paso 7 - Lehigh Valley 5 |
| TOP OF THE 9TH |
|
El Paso Chihuahuas batting - Pitching for Lehigh Valley IronPigs : RHP Luis Castillo
|
|
Pitching: RHP Jamie Verberkmoes
|
|
|
Batting: RHB Jose Morrissey
|
0-0: Called Strike 0-1: Foul Ball, location: 2F 0-2: Ball 1-2: Fly out, F3 (Popup, 3, EV 76.3 MPH)
|
|
Batting: SHB Devin Hottenstein
|
0-0: Called Strike 0-1: Ball 1-1: Ball 2-1: Foul Ball, location: 2F 2-2: Ball 3-2: Base on Balls
|
|
Batting: RHB Matthew Starr
|
0-0: Called Strike 0-1: Ball 1-1: Foul Ball, location: 2F 1-2: Strikes out swinging
|
|
Batting: SHB Gregg Whitecotton
|
0-0: Foul Ball, location: 2F 0-1: Ball 1-1: Ground out 4-3 (Groundball, 4, EV 104.4 MPH)
|
| Top of the 9th over - 0 runs, 0 hits, 0 errors, 1 left on base; El Paso 7 - Lehigh Valley 5 |
| BOTTOM OF THE 9TH |
|
Lehigh Valley IronPigs batting - Pitching for El Paso Chihuahuas : RHP David Tooley
|
|
Pitching: RHP Tony Delgado
|
|
|
Now at 1B: Ben Antal
|
|
|
Batting: RHB Josh Hensley
|
0-0: Swinging Strike 0-1: Ball 1-1: Ball 2-1: Foul Ball, location: 2F 2-2: Ball 3-2: Fly out, F7 (Line Drive, 7, EV 95.0 MPH)
|
|
Batting: RHB Chris Pounds
|
0-0: Ball 1-0: Swinging Strike 1-1: Swinging Strike 1-2: Strikes out swinging
|
|
Batting: LHB Osamu Kubo
|
0-0: Called Strike 0-1: Ground out 4-3 (Groundball, 34, EV 76.3 MPH)
|
| Bottom of the 9th over - 0 runs, 0 hits, 0 errors, 0 left on base; El Paso 7 - Lehigh Valley 5 |
|